Kradschützen Motorcycle Team
Selects Armored Support Battlegroup
Construct Light Support Kompanie
Selects Superior Fire Drills
Panzerjäger Mechanized Group
Construct Mechanized Kompanie
Selects Flammpanzer III Medium Tank
Flammpanzer III Medium Tank
Flammpanzer III Medium Tank
Flammpanzer III Medium Tank
Selects Command Panzer IV F Medium Tank
Marder III Tank Destroyer
Marder III Tank Destroyer
Command Panzer IV F Medium Tank
Marder III Tank Destroyer
Construct Panzerarmee Kommand
Flak 36 Anti-tank Gun Team